IL
RENO ACES @ LOUISVILLE BATS
07/16/2049
 
TOP OF THE 1ST
Reno Aces batting - Pitching for Louisville Bats : RHP Matt Johnson
Pitching: RHP Matt Johnson
Batting: LHB Willie Gutierrez 0-0: Fly out, F2 (Popup, 2LF, EV 88.1 MPH)
Batting: RHB Jesus Galvan 0-0: Ball
1-0: Foul Ball, location: 2F
1-1: Foul Ball, location: 2F
1-2: Foul Ball, location: 2F
1-2: Strikes out swinging
Batting: LHB Bobby Arevalo 0-0: Ball
1-0: Called Strike
1-1: Foul Ball, location: 2F
1-2: Strikes out looking
Top of the 1st over - 0 runs, 0 hits, 0 errors, 0 left on base; Reno 0 - Louisville 0
BOTTOM OF THE 1ST
Louisville Bats batting - Pitching for Reno Aces : RHP Yeong-kil Suck
Pitching: RHP Yeong-kil Suck
Batting: RHB Won-jun Park 0-0: Ball
1-0: Ball
2-0: Swinging Strike
2-1: Ball
3-1: Fly out, F6 (Line Drive, 6M, EV 66.9 MPH)
Batting: SHB Paul Sandoval 0-0: Ball
1-0: Bunted foul
1-1: Ball
2-1: Swinging Strike
2-2: Fly out, F8 (Flyball, 8RS, EV 85.6 MPH)
Batting: RHB Bruno André 0-0: Ball
1-0: Called Strike
1-1: Foul Ball, location: 2F
1-2: Ball
2-2: Reached on error, E6 (Groundball, 6, EV 101.2 MPH)
Batting: RHB Juan Reyes 0-0: Called Strike
0-1: Ball
1-1: Ball
2-1: Called Strike
2-2: Ball
3-2: Foul Ball, location: 2F
3-2: Ground out U3 (Groundball, 23, EV 78.8 MPH)
Bottom of the 1st over - 0 runs, 0 hits, 1 error, 1 left on base; Reno 0 - Louisville 0
TOP OF THE 2ND
Reno Aces batting - Pitching for Louisville Bats : RHP Matt Johnson
Batting: SHB Gerardo Flores 0-0: Called Strike
0-1: Called Strike
0-2: Hit by Pitch
Batting: LHB Ian Jarvis 0-0: Ball
1-0: Called Strike
1-1: Ball
2-1: Foul Ball, location: 2F
2-2: Foul Ball, location: 2F
2-2: Foul Ball, location: 2F
2-2: Strikes out swinging
Batting: RHB Danny Gerardo 0-0: Swinging Strike
0-1: Swinging Strike
0-2: Grounds into double play, 6-4-3 (Groundball, 6D, EV 78.8 MPH)
Top of the 2nd over - 0 runs, 0 hits, 0 errors, 0 left on base; Reno 0 - Louisville 0
BOTTOM OF THE 2ND
Louisville Bats batting - Pitching for Reno Aces : RHP Yeong-kil Suck
Batting: LHB Leo Gomez 0-0: Ball
1-0: DOUBLE (Line Drive, 89XD, EV 104.4 MPH)
Batting: RHB Jonathan Robies 0-0: Called Strike
0-1: Called Strike
0-2: Foul Ball, location: 2F
0-2: Foul Ball, location: 2F
0-2: Ball
1-2: Fly out, F8 (Flyball, 89S, EV 82.5 MPH)
Batting: LHB Jared Paige 0-0: Called Strike
0-1: Foul Ball, location: 2F
0-2: Ball
1-2: Ball
2-2: Foul Ball, location: 2F
2-2: Fly out, F7 (Flyball, 7LS, EV 82.5 MPH)
Batting: RHB Danny Real 0-0: Fly out, F9 (Flyball, 9LSF, EV 91.2 MPH)
Bottom of the 2nd over - 0 runs, 1 hit, 0 errors, 1 left on base; Reno 0 - Louisville 0
TOP OF THE 3RD
Reno Aces batting - Pitching for Louisville Bats : RHP Matt Johnson
Batting: LHB Soo-yeon Kym 0-0: Called Strike
0-1: Ball
1-1: Swinging Strike
1-2: Strikes out swinging
Batting: RHB Edgar Garcia 0-0: Ball
1-0: Ball
2-0: Ball
3-0: Called Strike
3-1: Base on Balls
Batting: RHB Justin Aslinger Pickoff Throw to First - Error! E1
Edgar Garcia to second
0-0: Ball
1-0: Ball
2-0: Fly out, F8 (Flyball, 8RD, EV 94.4 MPH)
Runner from 2nd tags up, OUT at 3rd! 8-5
Top of the 3rd over - 0 runs, 0 hits, 1 error, 0 left on base; Reno 0 - Louisville 0
BOTTOM OF THE 3RD
Louisville Bats batting - Pitching for Reno Aces : RHP Yeong-kil Suck
Batting: RHB Ben Hinman 0-0: Called Strike
0-1: Ball
1-1: Ball
2-1: Ball
3-1: Base on Balls
Batting: RHB Won-jun Park 0-0: Swinging Strike
0-1: SINGLE (Flyball, 8LS, EV 86.9 MPH)
Ben Hinman to second
Batting: SHB Paul Sandoval 0-0: Foul Ball, location: 2F
0-1: Ball
1-1: Ball
2-1: Ball
3-1: Foul Ball, location: 2F
3-2: Fly out, F8 (Flyball, 8LD, EV 98.1 MPH)
Batting: RHB Bruno André 0-0: Called Strike
0-1: Ball
1-1: Foul Ball, location: 2F
1-2: Ball
2-2: Strikes out swinging
Batting: RHB Juan Reyes 0-0: Ball
1-0: 3-RUN HOME RUN (Flyball, 7LD, EV 91.9 MPH), Distance : 338 ft
Batting: LHB Leo Gomez 0-0: Ball
1-0: Ball
2-0: Ball
3-0: Called Strike
3-1: Base on Balls
Batting: RHB Jonathan Robies 0-0: Ball
Leo Gomez is caught stealing 2nd base 2-4
Bottom of the 3rd over - 3 runs, 2 hits, 0 errors, 0 left on base; Reno 0 - Louisville 3
TOP OF THE 4TH
Reno Aces batting - Pitching for Louisville Bats : RHP Matt Johnson
Batting: LHB Willie Gutierrez 0-0: Foul Ball, location: 2F
0-1: Foul Ball, location: 2F
0-2: Fly out, F9 (Flyball, 9LM, EV 77.5 MPH)
Batting: RHB Jesus Galvan 0-0: SINGLE (Groundball, 6M, EV 103.1 MPH) (infield hit)
Batting: LHB Bobby Arevalo 0-0: Ground out 4-3 (Groundball, 34D, EV 103.1 MPH)
Jesus Galvan to second
Batting: SHB Gerardo Flores 0-0: Called Strike
0-1: Ball
1-1: Swinging Strike
1-2: Ball
2-2: Strikes out looking
Top of the 4th over - 0 runs, 1 hit, 0 errors, 1 left on base; Reno 0 - Louisville 3
BOTTOM OF THE 4TH
Louisville Bats batting - Pitching for Reno Aces : RHP Yeong-kil Suck
Batting: RHB Jonathan Robies 0-0: Called Strike
0-1: SOLO HOME RUN (Flyball, 9D, EV 98.1 MPH), Distance : 362 ft
Batting: LHB Jared Paige 0-0: Swinging Strike
0-1: Ball
1-1: Foul Ball, location: 2F
1-2: Foul Ball, location: 2F
1-2: Ball
2-2: Foul Ball, location: 2F
2-2: Ground out 5-3 (Groundball, 5, EV 109.4 MPH)
Batting: RHB Danny Real 0-0: Called Strike
0-1: SOLO HOME RUN (Flyball, 7D, EV 96.2 MPH), Distance : 358 ft
Pitching: RHP Ron Hawkins
Batting: RHB Ben Hinman 0-0: Foul Ball, location: 2F
0-1: Ball
1-1: Ground out 1-3 (Groundball, 15, EV 74.4 MPH)
Batting: RHB Won-jun Park 0-0: Ball
1-0: Ball
2-0: Swinging Strike
2-1: Swinging Strike
2-2: Foul Ball, location: 2F
2-2: Ball
3-2: Foul Ball, location: 2F
3-2: Strikes out looking
Bottom of the 4th over - 2 runs, 2 hits, 0 errors, 0 left on base; Reno 0 - Louisville 5
TOP OF THE 5TH
Reno Aces batting - Pitching for Louisville Bats : RHP Matt Johnson
Batting: LHB Ian Jarvis 0-0: Ball
1-0: Ball
2-0: Ground out 2-3 (Groundball, 15S, EV 66.9 MPH)
Batting: RHB Danny Gerardo 0-0: Foul Ball, location: 2F
0-1: Called Strike
0-2: Ball
1-2: Ball
2-2: Fly out, F5 (Popup, 56, EV 75.6 MPH)
Batting: LHB Soo-yeon Kym 0-0: Ball
1-0: Foul Ball, location: 2F
1-1: Called Strike
1-2: Ball
2-2: Ball
3-2: Foul Ball, location: 2F
3-2: Base on Balls
Batting: RHB Edgar Garcia 0-0: Ball
1-0: Called Strike
1-1: Foul Ball, location: 2F
1-2: Strikes out swinging
Top of the 5th over - 0 runs, 0 hits, 0 errors, 1 left on base; Reno 0 - Louisville 5
BOTTOM OF THE 5TH
Louisville Bats batting - Pitching for Reno Aces : RHP Ron Hawkins
Batting: SHB Paul Sandoval 0-0: Ball
1-0: Fly out, F6 (Line Drive, 56D, EV 65.0 MPH)
Batting: RHB Bruno André 0-0: Foul Ball, location: 2F
0-1: Swinging Strike
0-2: Ball
1-2: Ground out 5-3 (Groundball, 56, EV 86.2 MPH)
Batting: RHB Juan Reyes 0-0: Foul Ball, location: 2F
0-1: Fly out, F8 (Flyball, 8RD, EV 99.4 MPH)
Bottom of the 5th over - 0 runs, 0 hits, 0 errors, 0 left on base; Reno 0 - Louisville 5
TOP OF THE 6TH
Reno Aces batting - Pitching for Louisville Bats : RHP Matt Johnson
Batting: RHB Justin Aslinger 0-0: Fly out, F7 (Flyball, 7S, EV 92.5 MPH)
Batting: LHB Willie Gutierrez 0-0: Ball
1-0: Swinging Strike
1-1: Swinging Strike
1-2: Strikes out swinging
Batting: RHB Jesus Galvan 0-0: Swinging Strike
0-1: DOUBLE (Line Drive, 5D, EV 95.6 MPH)
Batting: LHB Bobby Arevalo 0-0: Ball
1-0: Fly out, F7 (Flyball, 7S, EV 86.9 MPH)
Top of the 6th over - 0 runs, 1 hit, 0 errors, 1 left on base; Reno 0 - Louisville 5
BOTTOM OF THE 6TH
Louisville Bats batting - Pitching for Reno Aces : RHP Ron Hawkins
Batting: LHB Leo Gomez 0-0: Ball
1-0: Called Strike
1-1: Ball
2-1: Ground out 4-3 (Groundball, 4, EV 83.1 MPH)
Batting: RHB Jonathan Robies 0-0: Ground out U3 (Groundball, 34S, EV 71.9 MPH)
Batting: LHB Jared Paige 0-0: Foul Ball, location: 2F
0-1: Foul Ball, location: 2F
0-2: Strikes out swinging
Bottom of the 6th over - 0 runs, 0 hits, 0 errors, 0 left on base; Reno 0 - Louisville 5
TOP OF THE 7TH
Reno Aces batting - Pitching for Louisville Bats : RHP Matt Johnson
Batting: SHB Gerardo Flores 0-0: Foul Ball, location: 2F
0-1: Called Strike
0-2: Fly out, F7 (Flyball, 7D, EV 103.1 MPH)
Batting: LHB Ian Jarvis 0-0: Foul Ball, location: 2F
0-1: Reached on error, E3 (Groundball, 34S, EV 90.0 MPH)
Batting: RHB Danny Gerardo 0-0: 2-RUN HOME RUN (Line Drive, 7LD, EV 103.1 MPH), Distance : 361 ft
Batting: LHB Soo-yeon Kym 0-0: Ball
1-0: Foul Ball, location: 2F
1-1: Foul Ball, location: 2F
1-2: Foul Ball, location: 2F
1-2: Ground out 3-1 (Groundball, 34, EV 98.8 MPH)
Batting: RHB Edgar Garcia 0-0: Called Strike
0-1: Swinging Strike
0-2: Fly out, F8 (Flyball, 89D, EV 101.2 MPH)
Top of the 7th over - 2 runs, 1 hit, 1 error, 0 left on base; Reno 2 - Louisville 5
BOTTOM OF THE 7TH
Louisville Bats batting - Pitching for Reno Aces : RHP Ron Hawkins
Batting: RHB Danny Real 0-0: Called Strike
0-1: Ball
1-1: Ground out U3 (Groundball, 34, EV 83.1 MPH)
Batting: RHB Ben Hinman 0-0: Ball
1-0: Foul Ball, location: 2F
1-1: Ball
2-1: SINGLE (Groundball, 6MD, EV 103.1 MPH)
Batting: RHB Won-jun Park 0-0: Ball
1-0: Foul Ball, location: 2F
1-1: Ground out 5-3 (Groundball, 5S, EV 70.6 MPH)
Ben Hinman to second
Batting: SHB Paul Sandoval 0-0: Ground out 1-3 (Groundball, 13S, EV 69.4 MPH)
Bottom of the 7th over - 0 runs, 1 hit, 0 errors, 1 left on base; Reno 2 - Louisville 5
TOP OF THE 8TH
Reno Aces batting - Pitching for Louisville Bats : RHP Matt Johnson
Batting: RHB Justin Aslinger 0-0: Foul Ball, location: 2F
0-1: Foul Ball, location: 2F
0-2: Fly out, F4 (Popup, 4MD, EV 46.2 MPH)
Batting: LHB Willie Gutierrez 0-0: Ground out 5-3 (Groundball, 6S, EV 63.1 MPH)
Batting: RHB Jesus Galvan 0-0: Ground out 4-3 (Groundball, 4, EV 90.0 MPH)
Top of the 8th over - 0 runs, 0 hits, 0 errors, 0 left on base; Reno 2 - Louisville 5
BOTTOM OF THE 8TH
Louisville Bats batting - Pitching for Reno Aces : RHP Ron Hawkins
Batting: RHB Bruno André 0-0: Foul Ball, location: 2F
0-1: Ball
1-1: Ball
2-1: Ball
3-1: Ground out 6-3 (Groundball, 6, EV 88.1 MPH)
Batting: RHB Juan Reyes 0-0: Ball
1-0: DOUBLE (Flyball, 89XD, EV 105.0 MPH)
Batting: LHB Leo Gomez 0-0: Called Strike
0-1: Swinging Strike
0-2: Ball
1-2: Strikes out swinging
Batting: RHB Jonathan Robies 0-0: Ball
1-0: Ball
2-0: Ball
3-0: Called Strike
3-1: Called Strike
3-2: Foul Ball, location: 2F
3-2: Foul Ball, location: 2F
3-2: Ground out 4-3 (Groundball, 4, EV 92.5 MPH)
Bottom of the 8th over - 0 runs, 1 hit, 0 errors, 1 left on base; Reno 2 - Louisville 5
TOP OF THE 9TH
Reno Aces batting - Pitching for Louisville Bats : RHP Matt Johnson
Pitching: RHP Tim Bant
Batting: LHB Bobby Arevalo 0-0: Ball
1-0: Ball
2-0: Called Strike
2-1: Fly out, F5 (Flyball, 5D, EV 84.4 MPH)
Batting: SHB Gerardo Flores 0-0: Ball
1-0: Foul Ball, location: 2F
1-1: Ground out 5-3 (Groundball, 6, EV 88.1 MPH)
Batting: LHB Ian Jarvis 0-0: Swinging Strike
0-1: Ball
1-1: SINGLE (Groundball, 4MD, EV 100.0 MPH)
Batting: RHB Danny Gerardo 0-0: Fly out, F4 (Line Drive, 34, EV 70.0 MPH)
Top of the 9th over - 0 runs, 1 hit, 0 errors, 1 left on base; Reno 2 - Louisville 5
Sunday, July 16th , 2023 - OOTP Baseball 24.6 Build 69